 Dungeon Crawl Stone Soup version 0.31-a0-881-ge136f0c47a (webtiles) character file.

Game seed: 17896412666341520857

518 gruber the Geomancer (level 7, -3/36 HPs)
             Began as a Deep Elf Earth Elementalist on Oct 15, 2023.
             Slain by Pikel
             ... wielding a +1 whip of electrocution
              (4 damage)
             ... on level 5 of the Dungeon.
             The game lasted 00:03:40 (3835 turns).

gruber the Geomancer (Deep Elf Earth Elementalist)  Turns: 3835, Time: 00:03:41

Health: -3/36      AC:  3    Str:  5    XL:     7   Next: 1%
Magic:  13/16      EV: 12    Int: 22    God:
Gold:   232        SH:  0    Dex: 15    Spells: 8/16 levels left

rFire   + . .        s - +11 short sword "Niamenan" {drain, rF+ rC+}
rCold   + . .        (no shield)
rNeg    + . .        k - +0 robe {rN+}
rPois   .            (no helmet)
rElec   .            (no cloak)
rCorr   .            m - +0 pair of gloves
SInv    .            (no boots)
Will    .....        (no amulet)
Stlth   ++           (no ring)
HPRegen 0.26/turn    (no ring)
MPRegen 0.15/turn

%: no passive effects
@: no status effects
A: no striking features
a: no special abilities


You were on level 5 of the Dungeon.
You visited 1 branch of the dungeon, and saw 5 of its levels.

You collected 232 gold pieces.

Inventory:

Hand Weapons
 s - the +11 short sword "Niamenan" (weapon) {drain, rF+ rC+}
   (You found it on level 4 of the Dungeon)

   rF+:       It protects you from fire.
   rC+:       It protects you from cold.
Missiles
 g - a throwing net
Armour
 h - an orb of energy
 k - a +0 robe of positive energy (worn)
 m - a +0 pair of gloves (worn)
Wands
 u - a wand of roots (16)
Scrolls
 a - 3 scrolls of noise {unknown}
 c - a scroll of butterflies {unknown}
 f - 2 scrolls of amnesia {unknown}
 l - a scroll of identify {unknown}
 n - 3 scrolls of enchant weapon {unknown}
 o - 2 scrolls of blinking {unknown}
 p - a scroll of fog {unknown}
 r - a scroll of enchant armour {unknown}
 t - 2 scrolls of vulnerability {unknown}
 v - a scroll of brand weapon {unknown}
Potions
 b - a potion of magic
 d - a potion of berserk rage {unknown}
 e - 3 potions of curing {unknown}
 i - a potion of haste {unknown}
 j - a potion of invisibility {unknown}
 q - a potion of heal wounds {unknown}
 w - a potion of ambrosia {unknown}
 x - a potion of lignification {unknown}


   Skills:
 - Level 2.4 Dodging
 - Level 2.4 Stealth
 - Level 5.0 Spellcasting
 - Level 1.1 Transmutations
 - Level 8.1 Earth Magic


You had 8 spell levels left.
You knew the following spells:

 Your Spells              Type           Power      Damage    Failure   Level
a - Sandblast             Erth           82%        2d17      1%          1
b - Stone Arrow           Conj/Erth      46%        3d9       6%          3
c - Brom's Barrelling Bo  Conj/Erth      23%        2d4       19%         4

Your spell library contained the following spells:

 Spells                   Type           Power      Damage    Failure   Level
 Passwall                 Tmut/Erth      20%        N/A       2%          2
 Ensorcelled Hibernation  Hex/Ice        10%        N/A       16%         2
 Jinxbite                 Hex            10%        N/A       16%         2
 Petrify                  Tmut/Erth      25%        N/A       16%         4
 Anguish                  Hex/Necr       2%         N/A       69%         4


Dungeon Overview and Level Annotations

Branches:
Dungeon (5/15)
 Temple: D:4-7

Altars:
Gozag
Hepliaklqana
Kikubaaqudgha
Nemelex Xobeh
Yredelemnul

Shops:
D:2 *:   D:4 *   D:5 :*

Annotations:
D:4 1 runed translucent door, Crazy Yiuf
D:5 Pikel


Message History

You kill the lemure!
That felt strangely unrewarding.
There is an open door here.
You start resting.
HP restored.
You start resting.
Magic restored.
There is an open door here.
You see here 5 stones.
You see here 7 stones.
You see here 7 stones.
A lemure comes into view.
The blast of sand hits the lemure.
The lemure is moderately wounded.
Pikel shouts!
The blast of sand hits the lemure!
The lemure is severely wounded.
Pikel says, "Hell isn't that bad."
The blast of sand hits the lemure!!
You kill the lemure!
That felt strangely unrewarding.
The blast of sand hits Pikel!
Pikel is moderately wounded.
Pikel hits you with a +1 whip of electrocution!
You are electrocuted!
You are too injured to fight recklessly!
Unknown command.
You barely miss Pikel.
Pikel is moderately wounded.
Pikel hits you with a +1 whip of electrocution!
* * * LOW HITPOINT WARNING * * *
You hit Pikel but do no damage.
Pikel is moderately wounded.
Pikel hits you with a +1 whip of electrocution.
* * * LOW HITPOINT WARNING * * *
You completely miss Pikel.
Pikel is moderately wounded.
Pikel hits you with a +1 whip of electrocution.
You die...
Pikel says, "See you in Hell!"

#..........#.#..##.# #.#
#...###.##...รท.....# #.#
##### #.####.#..#### #.#
#.####.#..# #.#
#.........######.#
######.##........# #####
#.############## ##...## #K#
###.......#
#.###.#####@####......##.#
#####.#...(..........#.##.##.#
#...#.#.#.####...#####.##.##.#
#........## #.....# #.......#
#...###.### ##...## ####.####
#.........# ##.## #####(####
#..######.# #.# #........# #
##..### #.# #.# #.###.##.# #
......## #.# ##'## #.# #.##.#
#


You could see Pikel.

Vanquished Creatures
  A water moccasin (D:5)
  3 lemures (D:5)
  A bullfrog (D:4)
  A scorpion (D:5)
  A hound (D:4)
  2 orc priests
  A jelly (D:5)
  2 iguanas
  An orc wizard (D:5)
  3 adders
  2 dart slugs
  11 orcs
  A ball python (D:3)
  4 bats
  10 endoplasms
  3 giant cockroaches
  3 goblins
  2 hobgoblins (D:2)
  5 kobolds
  3 quokkas
  7 rats
67 creatures vanquished.

Notes
Turn   | Place    | Note
-------+----------+-------------------------------------------
     0 | D:1      | gruber the Deep Elf Earth Elementalist began the quest for
                  | the Orb.
     0 | D:1      | Reached XP level 1. HP: 10/10 MP: 6/6
   186 | D:1      | Reached XP level 2. HP: 15/15 MP: 6/8
   361 | D:1      | Reached skill level 4 in Earth Magic
   913 | D:2      | Reached XP level 3. HP: 19/19 MP: 8/10
  1216 | D:2      | Found Wuagireu's General Store.
  1296 | D:2      | Found Tuhokucw's Book Shop.
  1546 | D:3      | Reached skill level 5 in Earth Magic
  1546 | D:3      | Reached XP level 4. HP: 24/24 MP: 1/12
  1589 | D:3      | Learned a level 3 spell: Stone Arrow
  1594 | D:3      | Learned a level 4 spell: Brom's Barrelling Boulder
  2275 | D:4      | Found Wackitot's Gadget Gallery.
  2477 | D:4      | Found an opulent altar of Gozag.
  2477 | D:4      | Found a basalt altar of Yredelemnul.
  2485 | D:4      | Found a sparkling altar of Nemelex Xobeh.
  2487 | D:4      | Found a hazy altar of Hepliaklqana.
  2514 | D:4      | Found an ancient bone altar of Kikubaaqudgha.
  2613 | D:4      | Noticed a bullfrog
  2617 | D:4      | Killed a bullfrog
  2618 | D:4      | Reached skill level 5 in Spellcasting
  2618 | D:4      | Reached XP level 5. HP: 21/28 MP: 8/14
  2619 | D:4      | Identified the +11 short sword "Niamenan" {drain, rF+ rC+}
  2722 | D:4      | Found a runed translucent door.
  2723 | D:4      | Noticed Crazy Yiuf
  2801 | D:4      | Reached skill level 6 in Earth Magic
  3082 | D:5      | Entered Level 5 of the Dungeon
  3123 | D:5      | Noticed a water moccasin
  3134 | D:5      | Killed a water moccasin
  3135 | D:5      | Reached skill level 7 in Earth Magic
  3135 | D:5      | Reached XP level 6. HP: 32/32 MP: 13/15
  3358 | D:5      | Found Iblauko's Overcharged Wands.
  3533 | D:5      | Reached skill level 8 in Earth Magic
  3558 | D:5      | Found Vazuoj's Book Emporium.
  3614 | D:5      | Reached XP level 7. HP: 36/36 MP: 14/16
  3668 | D:5      | Noticed Pikel
  3834 | D:5      | HP: 1/36 [Pikel/+1 whip of electrocution (6)]
  3835 | D:5      | Slain by Pikel

Illustrated notes

Levels and vault maps discovered:
D:1:      dpeg_arrival_simpleton_c, layout_basic
D:2:      layout_loops_ring, serial_shops, nicolae_shop_real_fake_doors, shop,
          chequers_serial_rivers_micro_b
D:3:      layout_loops_ring, minmay_misc_feat_five
D:4:      layout_loops_ring, chequers_temple_overflow_minitemple,
          nicolae_shop_gadgets, uniq_crazy_yiuf_cottage
D:5:      layout_loops_corners, serial_shops, nicolae_shop_trees,
          serial_park_tiny_2, minmay_crystal_room,
          nicolae_shop_overcharged_wands, uniq_pikel

Skill      XL: |  1  2  3  4  5  6 |
---------------+-------------------+-----
Earth Magic    | 4 5 7 8 |  8.1
Spellcasting   | 4 5 |  5.0
Dodging        | |  2.4
Stealth        | |  2.4
Transmutations | |  1.1

Action                     |  1- 3 |  4- 6 |  7- 9 || total
---------------------------+-------+-------+-------++-------
  Melee: Unarmed           |     1 |       |       ||     1
         Short sword       |       |     1 |     3 ||     4
   Cast: Sandblast         |    55 |    38 |    13 ||   106
  Evoke: Wand              |       |     1 |       ||     1
 Armour: Robe              |    14 |     5 |     7 ||    26
  Dodge: Dodged            |    18 |     9 |     5 ||    32

Table legend: (Time is in decaauts)
 A = Elapsed time spent in this place.
 B = Non-inter-level travel time spent in this place.
 C = Inter-level travel time spent in this place.
 D = Time resting spent in this place.
 E = Time spent auto-exploring this place.
 F = Levels seen in this place.
 G = Mean time per level.
                   A        B        C        D        E       F      G
               +--------+--------+--------+--------+--------+-----+--------+
         Total |   3888 |   3780 |    108 |     92 |   3216 |   5 |  777.6 |
       Dungeon |   3888 |   3780 |    108 |     92 |   3216 |   5 |  777.6 |
               +--------+--------+--------+--------+--------+-----+--------+

Top non-repeatable levels by time:
     D:4: 850 daAuts
     D:2: 779 daAuts
     D:5: 766 daAuts
     D:1: 762 daAuts
     D:3: 729 daAuts
